[Event "European Corporate Championship 2022"]
[Site "Rotterdam"]
[Date "2022.06.18"]
[Round "3.17"]
[White "Garcia Ortega, Manuel"]
[Black "Pardo Simon, David"]
[Result "0-1"]
[ECO "B08"]
[WhiteElo "1725"]
[BlackElo "2461"]
[Annotator "TA"]
[PlyCount "74"]
[EventDate "2022.06.18"]
[EventType "team-tourn"]
[EventCountry "NED"]
[SourceTitle "playchess.com"]
[Source "ChessBase"]
[SourceQuality "1"]
[TimeControl "900+5"]

1. d4 d6 2. Nf3 g6 3. e4 Bg7 4. Bc4 Nf6 5. Nc3 O-O 6. h3 {[%emt 0:00:47] [#]} c6 (6... Nxe4 $1 $15 7. Nxe4 d5) 7. Be3 {[%emt 0:00:26] B08: Pirc Defence: Classical System.} b5 8. Bb3 (8. Bd3 $1 $11 {is more appropriate.}) 8... b4 $15 9. e5 {[%emt 0:02:13] Black is slightly better.} dxe5 (9... bxc3 {feels hotter.} 10. exf6 exf6 11. bxc3 Ba6) 10. dxe5 bxc3 11. exf6 Bxf6 12. Bd4 ({White has to play} 12. bxc3 $15 Bxc3+ 13. Bd2 Bxd2+ 14. Qxd2) 12... cxb2 $17 13. Rb1 Qa5+ 14. c3 $2 (14. Qd2 $17 {was the crucial defense.} Qxd2+ 15. Kxd2) 14... Rd8 $19 {[%emt 0:01:13] [#]} 15. O-O $146 ({Predecessor:} 15. Nd2 Bxd4 16. cxd4 Rxd4 17. Rxb2 Ba6 18. Qf3 Qe5+ 19. Qe3 Qxe3+ 20. fxe3 Rd3 21. Kf2 {0-1 (46) Mizmizlioglu,Z-Polat,A (1456) Konya 2017}) 15... e5 16. Nxe5 Bxe5 17. Qf3 Bf5 ({Avoid the trap} 17... Bxd4 $2 18. Qxf7+ Kh8 19. cxd4 $19) 18. g4 Bxd4 19. cxd4 Be6 ({Weaker is} 19... Rxd4 20. gxf5 Qxf5 21. Qxf5 gxf5 22. Rxb2 $17) (19... Bxb1 $2 {gets mated.} 20. Qxf7+ Kh8 21. Qf6#) 20. Bxe6 fxe6 21. Qf6 Qd5 {[%emt 0:00:52] ...Nd7 is the strong threat.} 22. Rxb2 Nd7 23. Qf4 Nb6 {[%emt 0:00:05] Strongly threatening ...c5.} 24. Qf6 Rf8 25. Qe5 Qxe5 26. dxe5 Rfd8 27. Rc2 Rac8 28. Rfc1 Rd5 {[%emt 0:00:38][%cal Bd8d5,Bd5e5,Be5a5,Ba5a2][%mdl 32] Threatens to win with ...c5.} 29. Rxc6 Rxc6 30. Rxc6 Rxe5 {[%emt 0:00:01][%mdl 4096] Endgame KRN-KR} 31. Rc7 Ra5 32. Re7 Rxa2 33. Rxe6 Nd5 34. h4 Nf4 35. Rf6 (35. Rd6 $142) 35... Nh3+ 36. Kg2 {[%emt 0:00:03] [#]} Rxf2+ $1 37. Rxf2 Nxf2 {[%emt 0:00:01] White did not feel at home in the position after the opening.  Weighted Error Value: White=0.75/Black=0.33} 0-1

[Event "European Corporate Championship 2022"]
[Site "Rotterdam"]
[Date "2022.06.18"]
[Round "3.20"]
[White "Pedersen, Christopher R.N.H."]
[Black "Goulis, Panagiotis"]
[Result "0-1"]
[ECO "B55"]
[WhiteElo "2118"]
[BlackElo "1240"]
[Annotator "TA"]
[PlyCount "102"]
[EventDate "2022.06.18"]
[EventType "team-tourn"]
[EventCountry "NED"]
[SourceTitle "playchess.com"]
[Source "ChessBase"]
[SourceQuality "1"]
[TimeControl "900+5"]

1. e4 c5 2. Nf3 d6 3. d4 cxd4 4. Nxd4 Nf6 5. Bd3 Nbd7 6. Be3 {[%emt 0:00:04] B55: Sicilian: 2...d6 3 d4 cxd4 4 Nxd4 Nf6 5 f3.} a6 7. h3 {[%emt 0:00:03] [#]} b5 $146 (7... d5 $11) ({Predecessor:} 7... Nc5 8. Nd2 Nxd3+ 9. cxd3 g6 10. O-O Bg7 11. Rc1 Bd7 12. b3 O-O 13. N2f3 Qa5 {0-1 (34) Jakobi,W (1568)-Stidham,D ICCF email 2019}) 8. O-O {[%emt 0:00:07] White is slightly better.} Bb7 9. Nd2 (9. c4 $5 ) 9... Nc5 (9... e5 $11 10. N4b3 d5) 10. f3 (10. b4 $14 Nxd3 11. cxd3) 10... Nxd3 (10... e5 $5 11. N4b3 Nxd3 12. cxd3 Be7 $11) 11. cxd3 g6 12. Ne2 Bg7 13. Bd4 (13. a4 $14) 13... e5 14. Be3 O-O 15. Bg5 (15. d4 $11) 15... Qb6+ 16. Kh1 Rac8 {[%emt 0:00:18] Black is more active.} 17. Rc1 (17. b4 $11) 17... Nd7 18. Rc3 Nc5 19. b3 (19. Be3 $15 a5 20. a4) 19... b4 (19... Ne6 $1 $17 20. Bh4 Qa5) 20. Rc1 ({White should try} 20. Nc4 $11 Qc7 21. Rc1) 20... Nxd3 $15 21. Nc4 (21. Rxc8 $1 $15 Rxc8 22. Kh2) 21... Nf2+ 22. Rxf2 Qxf2 23. Nxd6 $2 (23. Be3 $17 Qh4 24. Qxd6) 23... Rxc1 24. Qxc1 (24. Nxc1 {was the crucial defense.} Bc6 25. Nd3) 24... Qxe2 $19 25. Nxb7 Qxa2 26. Qc4 Qa1+ 27. Kh2 Qd4 {[%emt 0:00:00] Prevents Nd8.} 28. Qxa6 (28. Qc6 {was necessary.}) 28... Rc8 $2 (28... h6 29. Be7 Rc8) 29. Nd6 Rb8 30. Nc4 h6 31. Be7 Qc3 32. Qd6 (32. Bd6 $17 Rd8 33. Qb6) 32... Ra8 $1 33. Qc6 $2 {[%emt 0:00:00] [#]} (33. Qxb4 Qc2 34. Na5) 33... Ra7 $1 34. Qe8+ (34. Bd6 $142 Qxb3 35. Qb5) 34... Kh7 35. Qb8 Rxe7 36. Nd6 Qxb3 {[%emt 0:00:06] Hoping for ...Rd7.} 37. Qb5 Qe6 38. Nc4 Rd7 {[%emt 0:00:06] Strongly threatening ...Rd4.} 39. Qxb4 Rc7 (39... Rd4 $142 40. Qc5 Rxc4 41. Qb5 Bf6 42. Qd5 Qxd5 43. exd5 Bh4 44. g3 Rc2+ 45. Kh1 Bxg3 46. d6 f5 47. d7 Bh4 48. d8=B Bxd8 49. h4 Bxh4 50. Kg1 e4 51. fxe4 f4 52. e5 f3 53. Kh1 Bg3 54. Kg1 Rc1#) 40. Qd6 Qxd6 (40... Qxc4 $142 41. Qa3 Qf1 42. Qb3 h5 43. h4 Qf2 44. f4 Bh6 45. Kh3 Bxf4 46. g3 {[#]} Rb7 $3 47. Qxf7+ Rxf7 48. gxf4 exf4 49. e5 Qg3#) 41. Nxd6 Rd7 42. Nc4 Rd4 43. Nd6 Kg8 (43... Rxd6 $142 44. h4 Rd2 45. Kg1 Ra2 46. h5 gxh5 47. Kh2 Bf6 48. Kg3 Bg5 49. f4 Bxf4+ 50. Kf3 Kg6 51. g3 Bc1 52. g4 hxg4+ 53. Kg3 h5 54. Kh4 Rh2+ 55. Kg3 Bf4#) 44. Kg3 Rxd6 45. f4 exf4+ 46. Kxf4 g5+ 47. Ke3 Re6 48. Kd3 h5 49. Ke3 Bh6 50. Kf3 Bg7 51. Ke3 $1 f5 {[%emt 0:00:03] Weighted Error Value: White=1.31/Black=0.82} 0-1

[Event "European Corporate Championship 2022"]
[Site "Rotterdam"]
[Date "2022.06.18"]
[Round "4.1"]
[White "Nijboer, Friso"]
[Black "Warmerdam, Max"]
[Result "1-0"]
[ECO "C88"]
[WhiteElo "2464"]
[BlackElo "2614"]
[Annotator "TA"]
[PlyCount "62"]
[EventDate "2022.06.18"]
[EventType "team-tourn"]
[EventCountry "NED"]
[SourceTitle "playchess.com"]
[Source "ChessBase"]
[SourceQuality "1"]
[TimeControl "900+5"]

1. e4 e5 2. Nf3 Nc6 3. Bb5 a6 4. Ba4 Nf6 5. O-O Be7 6. Re1 b5 7. Bb3 O-O 8. a4 Bb7 9. Nc3 b4 10. Nd5 {[%emt 0:00:04] C88: Closed Ruy Lopez: Anti-Marshall Systems.} Re8 {[%emt 0:01:32] [#]} 11. a5 $146 ({Predecessor:} 11. d3 h6 12. a5 Bc5 13. Be3 Bxe3 14. Rxe3 Rb8 15. h3 d6 16. Nxf6+ Qxf6 17. Nh2 Nd4 18. Ba4 Bc6 19. Ng4 {0-1 (73) Zarges,S (2019)-Richter,C (2201) NRW 2001}) 11... Bf8 $2 ({Better is} 11... Nxd5 $14 12. Bxd5 Bf6) 12. d3 (12. Ng5 $1 $18) 12... h6 $14 13. Bd2 Rb8 14. c3 bxc3 15. bxc3 d6 16. Qc2 Nd7 17. Qa2 Nc5 18. Bc4 Ne6 ({Black should try} 18... Na7) 19. Rab1 Bc8 20. Qa4 Bd7 21. Qa2 {[%emt 0:00:54] White is much more active.} ({Avoid the trap} 21. Bxa6 $2 Nc5 22. Qc2 (22. Rxb8 $2 Nxb8 23. Qc2 Ncxa6 $19) 22... Nxa6 $19) (21. Rxb8 $16 Qxb8 22. Qa2 (22. Bxa6 $2 Nc5 $19)) 21... Rxb1 (21... Bc8 $1 $11 {remains equal.}) 22. Rxb1 $16 Qa8 (22... Qc8 $16) 23. Nh4 (23. Bxh6 $1 $18 {Hoping for Bc1.} Rb8 24. Rxb8 Nxb8 25. Nxc7 $1) 23... Ne7 {[%emt 0:00:45] [#]} (23... Rb8 $142) 24. Nxe7+ (24. Nb4 $142 $1) 24... Bxe7 25. Nf5 Bf8 26. Qb3 Bc6 27. Be3 Kh7 (27... Bb5 $14) 28. Ng3 g6 29. f3 Bg7 30. Ne2 Bf6 (30... Rd8 $142) 31. d4 {[%emt 0:00:03] Threatens to win with d5.} Qa7 {[%emt 0:00:13] Weighted Error Value: White=0.33/Black=0.38} 1-0

[Event "European Corporate Championship 2022"]
[Site "Rotterdam"]
[Date "2022.06.18"]
[Round "4.2"]
[White "Oudshoorn, Arres"]
[Black "De Vreugt, Dennis"]
[Result "0-1"]
[ECO "B84"]
[WhiteElo "2137"]
[BlackElo "2393"]
[Annotator "TA"]
[PlyCount "75"]
[EventDate "2022.06.18"]
[EventType "team-tourn"]
[EventCountry "NED"]
[SourceTitle "playchess.com"]
[Source "ChessBase"]
[SourceQuality "1"]
[TimeControl "900+5"]

1. e4 c5 2. Nf3 d6 3. d4 cxd4 4. Nxd4 Nf6 5. Nc3 a6 6. Be2 e6 7. O-O Qc7 8. f4 Nbd7 9. Bf3 Be7 10. a4 O-O 11. Kh1 {[%emt 0:00:18] B84: Sicilian Scheveningen: 6 Be2 a6, lines without early Be3.} Re8 12. Be3 (12. g4 $14 Nf8 13. g5) 12... Bf8 {[%emt 0:00:16] [#]} (12... Nb6 $11) 13. Qd2 $146 (13. g4 $14 h6 14. g5 hxg5 15. fxg5) ({Predecessor:} 13. Qe1 e5 14. Nde2 exf4 15. Nxf4 Ne5 16. Bd4 Bd7 17. Qg3 Bc6 18. Nfd5 Nxd5 19. exd5 {0-1 (31) Maucci,M (1859)-Martinez de Negri,A (2165) Vicente Lopez 2016}) 13... Nb6 14. b3 {[%emt 0:00:34] Prevents Nc4.} e5 15. Nde2 exf4 {[%emt 0:00:39] [#]} (15... Nbd7 $14) 16. Nxf4 ({White should play} 16. Bd4 $1 $16) 16... Be6 $14 17. a5 $36 {[%emt 0:05:09][%mdl 2048] White fights for an advantage.} Nbd7 18. Na4 Ne5 19. Nb6 Rab8 20. c4 g6 21. Rac1 Bg7 22. Rcd1 Nc6 (22... Rbd8 $14) 23. Qxd6 (23. Bf2 $16) 23... Qxd6 24. Rxd6 Bf8 (24... Ng4 $14 25. Bg1 Nge5) 25. Rdd1 $16 Nxa5 $2 {[%emt 0:00:18] This move loses the game for Black.} (25... Ng4 $16 26. Bd2 Nge5) 26. Bd4 $18 Bg7 27. Nxe6 Rxe6 28. e5 Ne8 29. Bd5 Re7 (29... Nc7 {was called for.} 30. Nd7 Rbe8 31. Bxe6 Nxe6) 30. Bc5 {[%emt 0:00:15] A strong pair of Bishops.} Rxe5 31. Bxf7+ Kh8 32. Nd7 Nxb3 $2 (32... Rxc5 33. Nxc5 Nf6) 33. Nxb8 Rxc5 (33... Nxc5 $142 34. Rd8 Bf6) 34. Rd8 h5 35. Bxg6 Bc3 36. Bxe8 {[%emt 0:00:28] [#] Threatens to win with Ba4+.} Kg7 37. Rf7+ Kh6 38. h4 {[%emt 0:00:15][%mdl 32768] Weighted Error Value: White=0.23 (precise) /Black=0.68. Loss on time!?} 0-1

[Event "European Corporate Championship 2022"]
[Site "Rotterdam"]
[Date "2022.06.18"]
[Round "4.3"]
[White "Jonkman, Harmen"]
[Black "Lie, Michael"]
[Result "1-0"]
[ECO "B27"]
[WhiteElo "2384"]
[BlackElo "1798"]
[Annotator "TA"]
[PlyCount "97"]
[EventDate "2022.06.18"]
[EventType "team-tourn"]
[EventCountry "NED"]
[SourceTitle "playchess.com"]
[Source "ChessBase"]
[SourceQuality "1"]
[TimeControl "900+5"]

1. e4 c5 2. Nf3 g6 3. c3 Bg7 4. d4 cxd4 5. cxd4 d5 6. e5 Bg4 7. Nbd2 Nc6 {[%emt 0:00:09] B27: Sicilian: 2 Nf3, unusual Black 2nd moves.} 8. h3 Bf5 (8... Bxf3 $5 9. Nxf3 f6 $11) 9. Bb5 Qb6 {[%emt 0:01:32] White has an edge.} 10. Qa4 {[%emt 0:00:05] [#]} a6 $146 (10... Bd7 $11) ({Predecessor:} 10... Bd7 11. Nb3 Nxe5 12. Bxd7+ Nxd7 13. Ne5 Bxe5 14. dxe5 e6 15. Be3 Qc6 16. Qb4 Qa6 {1-0 (52) Gholami,A (2426)-Molaei,M (2253) Teheran 2017}) 11. Bxc6+ $16 Qxc6 12. Qxc6+ bxc6 13. Nb3 Be4 14. Ke2 f6 15. Bf4 Nh6 16. Rhc1 Rc8 (16... fxe5 $11 17. Bxe5 (17. Nxe5 Bxg2 18. Rg1 Be4 $11) 17... Bxf3+ 18. Kxf3 (18. gxf3 Bxe5 19. dxe5 Kd7 $11) 18... Bxe5 19. dxe5 Nf7) 17. Nc5 (17. e6 $16) 17... Bxf3+ $11 18. Kxf3 fxe5 19. Bxe5 O-O+ 20. Ke2 {[%emt 0:00:01] Black must now prevent Bxg7.} Nf5 21. Ne6 {[%emt 0:00:33] Hoping for g4.} Bxe5 22. dxe5 {[%emt 0:00:03] aiming for g4.} Rfe8 23. Rc5 Kf7 (23... Ng7 $16 24. Nxg7 Kxg7) 24. Ng5+ $18 Kg7 25. Rac1 Rb8 26. b3 Rb5 (26... a5 $142 27. Rxa5 Ra8) 27. Ne6+ Kf7 28. Rxc6 d4 29. f4 Ra5 30. R1c2 Ne3 31. Rd2 (31. Nxd4 Nxc2 32. Rxc2 Rd8 $11) 31... Nxg2 32. Ng5+ (32. Rxd4 Rxa2+ 33. Rd2 Rxd2+ 34. Kxd2 Rb8 $11) 32... Kg8 33. Kf3 (33. Rxd4 Rxa2+ 34. Kd1 a5 $11) 33... Nh4+ 34. Ke4 Nf5 {[%emt 0:01:04] [#]} (34... Rb8 $16 35. Rdc2 (35. Kxd4 h6 $17) (35. Rxd4 Rxa2 36. Rd3 Nf5 $11) 35... d3 36. Kxd3 Nf5) 35. Ne6 {[%emt 0:00:12] Active counter play!} (35. a4 $1 $18) 35... Kf7 (35... Rb8 $16 {is a better defense.} 36. Rc4 (36. Nxd4 Nxd4 37. Rxd4 Rxa2 $11) 36... d3 37. Kxd3 Kf7) 36. a4 (36. Nxd4 Rd8 $14) (36. Nc5 $18 {is more deadly.}) 36... Rb8 (36... Nd6+ $16 37. exd6 exd6) 37. Rd3 (37. Nxd4 Nxd4 38. Rxd4 (38. Kxd4 Rxb3 39. Ra2 Rxh3 $17) 38... Rxb3 $11) 37... Rb4 (37... Nd6+ {keeps fighting.} 38. exd6 Kxe6) 38. Nc7 ({Inferior is} 38. Nxd4 Nxd4 39. Rxd4 Rxb3 $11) 38... Rb7 39. Nxa6 ({Don't take} 39. Rxa6 $6 Rc5 40. Ne6 Rc8 $18) 39... Ng7 $2 {[%emt 0:00:19] [#]} (39... Ke8 {was worth a try.} 40. Nc5 Rb4) 40. Nc5 {[%emt 0:00:10] White is clearly winning.} Rb8 41. e6+ Ke8 42. b4 Raa8 43. b5 Nf5 44. b6 Nd6+ 45. Kd5 Ra5 46. Kxd4 Rd8 47. Ke3 Nc4+ 48. Ke2 Rxd3 49. Nxd3 {[%emt 0:00:04] Weighted Error Value: White=0.27 (precise) /Black=0.41} (49. Kxd3 $142 Nxb6 50. Rxb6) 1-0

[Event "European Corporate Championship 2022"]
[Site "Rotterdam"]
[Date "2022.06.18"]
[Round "4.5"]
[White "Haast, Mark"]
[Black "Barski, Radoslaw"]
[Result "0-1"]
[ECO "A14"]
[WhiteElo "2414"]
[BlackElo "2434"]
[Annotator "TA"]
[PlyCount "78"]
[EventDate "2022.06.18"]
[EventType "team-tourn"]
[EventCountry "NED"]
[SourceTitle "playchess.com"]
[Source "ChessBase"]
[SourceQuality "1"]
[TimeControl "900+5"]

1. c4 Nf6 2. g3 e6 3. Bg2 d5 4. Nf3 Be7 5. O-O O-O 6. b3 c5 7. e3 b6 8. Bb2 Bb7 9. Nc3 dxc4 10. bxc4 Nc6 11. Qe2 Rc8 12. d3 {[%emt 0:00:49] A14: English Opening: 1...e6 with b3 by White.} Rc7 13. Ne1 Qa8 14. f4 {[%emt 0:00:00] White is slightly better.} Rd7 {[%emt 0:00:06] [#]} 15. g4 $146 ({Predecessor:} 15. f5 exf5 16. Rxf5 Bd8 17. Nc2 Ne8 18. Raf1 Ne7 19. Bxb7 Qxb7 20. R5f2 Ng6 21. e4 {1-0 (30) Flores,D (2609)-Henriquez Villagra,C (2488) Antofagasta 2019}) 15... Rfd8 16. g5 {[%emt 0:00:00] f5 is the strong threat.} Ne8 17. f5 (17. Rd1 $14) 17... exf5 18. Nd5 g6 19. h4 Nb4 20. e4 Nxd5 21. cxd5 {[%emt 0:00:00] [#]} (21. exd5 $11 {remains equal.} Bf8 22. Nf3 (22. Qe5 Bg7 $15)) 21... Bf8 $1 $17 22. Nc2 Re7 (22... Qb8 $17) 23. Ne3 $11 Bg7 {[%emt 0:00:55] [#]} (23... Qb8 $11) 24. Bxg7 (24. Rxf5 $1 $14 gxf5 25. Nxf5) 24... Nxg7 25. Qf2 Qb8 26. Rae1 $1 (26. exf5 Nxf5 27. Ng4 (27. Nxf5 gxf5 28. Qxf5 Qg3 $17) 27... Kf8 $17) 26... Bc8 (26... Ba6 $11 27. exf5 Bxd3 28. fxg6 (28. f6 Rxe3 29. Qxe3 Bxf1 $17) 28... hxg6) 27. Nc4 $2 (27. exf5 $14 Rxe3 28. Qxe3 Nxf5 29. Qf4 Qxf4 30. Rxf4) 27... Bd7 (27... Ba6 $17 {next ...Bxc4 is good for Black.} 28. d6 Ree8) 28. e5 b5 $2 ({Black should play} 28... Bb5 $11 29. Qb2 Ba6) 29. Qxc5 $16 Ree8 30. Nd6 Rf8 31. Rb1 a6 (31... Ne8 $16) 32. a4 f4 (32... Ne8 $16) 33. Rxf4 Nf5 34. Nxf5 (34. axb5 $6 Nxd6 35. exd6 (35. Qxd6 Qxd6 36. exd6 Bxb5 $16) 35... axb5 $14) 34... Bxf5 35. Rd4 $4 ({Much less strong is} 35. axb5 $6 Bxd3 36. Re1 Qxb5 37. Qxb5 axb5 $16) (35. Qd4 $18) 35... Qxe5 $19 36. axb5 $2 (36. Rdb4) 36... Rc8 37. Qb6 (37. Re4 $142 Bxe4 38. Qe3) 37... Qe3+ 38. Kh2 Rc2 39. Rg1 Qh3# {[%emt 0:00:08] Weighted Error Value: White=0.99/Black=0.36} 0-1

[Event "European Corporate Championship 2022"]
[Site "Rotterdam"]
[Date "2022.06.18"]
[Round "4.6"]
[White "Celinski, Kamil"]
[Black "Schouten, Jordy"]
[Result "0-1"]
[ECO "D90"]
[WhiteElo "1907"]
[BlackElo "2121"]
[Annotator "TA"]
[PlyCount "122"]
[EventDate "2022.06.18"]
[EventType "team-tourn"]
[EventCountry "NED"]
[SourceTitle "playchess.com"]
[Source "ChessBase"]
[SourceQuality "1"]
[TimeControl "900+5"]

1. Nf3 Nf6 2. c4 g6 3. Nc3 Bg7 4. d4 d5 5. Qa4+ Bd7 6. Qb3 dxc4 7. Qxc4 O-O 8. e4 b5 {[%emt 0:00:36] D90: Grünfeld: 4 Nf3 Bg7 sidelines.} 9. Qb3 (9. Nxb5 {keeps more tension.} Nxe4 10. Qxc7 Nc6 11. Bd3) 9... c5 $1 10. dxc5 {[%emt 0:00:37] [#]} b4 $146 (10... Na6 $15) ({Predecessor:} 10... Na6 11. e5 Ng4 12. h3 Nxe5 13. Nxe5 Bxe5 14. Bh6 Re8 15. Qd5 Qc7 16. Rc1 Rad8 {1-0 (50) Gunina,V (2446)-Abdumalik,Z (2502) Struga 2021}) 11. Qxb4 $14 Nc6 12. Qb3 ({Better is} 12. Qa4 $14) 12... Be6 (12... Rb8 $11 13. Qd1 Qa5) 13. Qa4 $16 Qc7 14. Bb5 Ne5 15. Nd4 Bd7 (15... Qxc5 16. Nxe6 fxe6 17. Be3 $16) 16. Bxd7 ({Much weaker is} 16. c6 a6 17. Be2 (17. cxd7 axb5 18. Ndxb5 Qxd7 $11) (17. Bxa6 $2 Bc8 $19) 17... Nxc6 18. Nxc6 Bxc6 $11) (16. O-O $16) 16... Nfxd7 $11 17. Nd5 ({Avoid the trap} 17. c6 $2 Nc5 18. Ndb5 Qxc6 $19) 17... Qxc5 18. O-O Nb6 19. Qb4 Qxb4 20. Nxb4 Rfd8 21. Ndc6 Nxc6 22. Nxc6 Rd7 23. Be3 Nc4 24. Bg5 f6 25. Bf4 e5 (25... Rc8 $5 26. Rad1 Rb7 27. Rd8+ Rxd8 28. Nxd8 Rxb2 $11) 26. Bc1 Bf8 27. b3 $1 Rc8 28. Nxa7 Rxa7 29. bxc4 Rxc4 30. Be3 Ra3 31. Rfc1 Rxc1+ 32. Bxc1 {[%emt 0:00:01][%mdl 4096] Endgame KRB-KRB} Ra4 33. Be3 Ba3 34. h3 Rxe4 35. Rb1 Ra4 36. Rb8+ Kf7 37. Rb7+ Ke6 38. Rxh7 Bd6 39. g3 (39. Ra7 $5 Rb4 40. g3 $14) 39... Rxa2 40. Rg7 g5 41. h4 gxh4 42. gxh4 f5 43. Bb6 Kf6 44. Rd7 Bb4 45. Rb7 {[%emt 0:00:09] [#] Threatens to win with Bd8+.} Bd2 46. Kg2 e4 47. Bd4+ Kg6 48. Rg7+ ({White should try} 48. Rb5 $11) 48... Kh6 (48... Kh5 $15) 49. Kf1 f4 50. Rd7 f3 {[%emt 0:00:00] aiming for ...Kh5.} 51. Be3+ Bxe3 52. fxe3 $15 {[%emt 0:00:02] KR-KR} Re2 (52... Rh2 $15 53. Rd8 Rxh4 54. Rh8+ Kg5) 53. Rd5 {[%emt 0:00:02] [#]} (53. Re7 $11) 53... Rxe3 ({Black should play} 53... Rh2 $1 $17 54. Rf5 Rxh4) 54. Kf2 $2 {[%emt 0:00:01][%mdl 8192] Loses the game.} (54. h5 $11) 54... Re2+ $19 55. Kg3 Rg2+ {[%emt 0:00:00] Black mates.} 56. Kh3 Rg1 57. Rf5 e3 58. Rxf3 e2 59. h5 e1=Q 60. Rf2 Qe3+ 61. Kh4 Qg3# {[%emt 0:00:01] Weighted Error Value: White=0.39/Black=0.19 (very precise)} 0-1

[Event "European Corporate Championship 2022"]
[Site "Rotterdam"]
[Date "2022.06.18"]
[Round "4.7"]
[White "IJzermans, Cees"]
[Black "Wisniewski, Jacek"]
[Result "1-0"]
[ECO "B81"]
[WhiteElo "2115"]
[BlackElo "1850"]
[Annotator "TA"]
[PlyCount "53"]
[EventDate "2022.06.18"]
[EventType "team-tourn"]
[EventCountry "NED"]
[SourceTitle "playchess.com"]
[Source "ChessBase"]
[SourceQuality "1"]
[TimeControl "900+5"]

1. e4 c5 2. Nf3 d6 3. d4 cxd4 4. Nxd4 Nf6 5. Nc3 a6 6. h3 b5 7. g4 Bb7 8. Bg2 e6 {[%emt 0:00:37] 8...Nc6 gains popularity.} 9. O-O {[%emt 0:00:05] B81: Sicilian Scheveningen: Keres Attack.} b4 {[%emt 0:00:51] [#]} 10. g5 (10. Nd5 $1 $11) 10... bxc3 $17 11. gxf6 {[%emt 0:00:03] [#] Black is slightly better.} Qxf6 $146 (11... cxb2 $17 12. Bxb2 gxf6) ({Predecessor:} 11... gxf6 12. bxc3 Rg8 13. Re1 Qc8 14. Qd3 Nd7 15. Kf1 f5 16. Bf3 Nc5 17. Qd1 fxe4 {0-1 (24) Belter,E (1720)-Stepaniec,L (2177) ICCF email 2020}) 12. bxc3 {[%emt 0:00:11] Strongly threatening Rb1.} Be7 $2 {[%emt 0:00:15][%mdl 8192] Black cannot hold the game after this.} (12... Nd7 $11 {and Black is okay.}) 13. Rb1 $18 Bc6 (13... Ra7 14. Be3 Nd7 15. Nxe6 Qxe6) 14. e5 Qg6 15. Nxc6 {[%emt 0:00:02] Active counter play!} Nxc6 16. exd6 Rd8 17. Qd3 Qxd3 (17... Rxd6 18. Qxg6 hxg6 19. Bxc6+ Rxc6) 18. Bxc6+ {[%emt 0:00:07] This bishop pair is nice. White is clearly winning.} Kf8 19. dxe7+ Kxe7 20. cxd3 Rxd3 21. Ba3+ Kf6 22. Bc5 Rc8 23. Be4 Rxh3 24. Bd4+ Kg5 25. f4+ Kh6 26. Kg2 {[%emt 0:00:04] [#] Threatening mate with Rh1.} Rh5 27. Rh1 {[%emt 0:00:03] Weighted Error Value: White=0.94/Black=0.97} 1-0

[Event "European Corporate Championship 2022"]
[Site "Rotterdam"]
[Date "2022.06.18"]
[Round "4.8"]
[White "Basiaga, Sebastian"]
[Black "Van den Broek, Rene"]
[Result "1-0"]
[ECO "A40"]
[WhiteElo "1749"]
[BlackElo "1980"]
[Annotator "TA"]
[PlyCount "57"]
[EventDate "2022.06.18"]
[EventType "team-tourn"]
[EventCountry "NED"]
[SourceTitle "playchess.com"]
[Source "ChessBase"]
[SourceQuality "1"]
[TimeControl "900+5"]

1. e4 Nc6 2. d4 e5 3. d5 Nce7 4. c4 Ng6 5. Bd3 Nf6 6. Ne2 Bc5 7. O-O d6 {[%emt 0:00:12] A40: Unusual replies to 1 d4.} 8. Nbc3 {[%emt 0:01:31][%cal Ob2b4] [#]} Bd7 $146 ({Predecessor:} 8... O-O 9. Na4 Bb6 10. Nxb6 axb6 11. f3 Nh5 12. Be3 Nhf4 13. Qd2 Nxe2+ 14. Bxe2 f5 15. exf5 Bxf5 {½-½ (60) Bobula,M (2352)-O'Brien,M (2303) Chess.com INT 2017}) 9. Na4 Bxa4 {[%emt 0:00:55] White is slightly better.} 10. Qxa4+ Qd7 11. Qc2 O-O 12. Ng3 Nh5 $2 {[%emt 0:00:41][%mdl 8192] [#]} 13. Nxh5 $18 Qg4 14. Be2 Qh4 15. Ng3 Nf4 16. Be3 Qg5 17. Bxc5 {[%emt 0:01:15] White is clearly winning.} dxc5 18. Rfe1 h5 19. Bf3 Qh4 20. Ne2 g5 (20... Nxe2+ $142 21. Qxe2 g6) 21. Nxf4 gxf4 22. Red1 Rad8 23. Qc3 Qg5 24. Qa5 Rd6 25. Qxc5 Rc8 26. Qxa7 b6 27. Qa3 h4 28. h3 f5 29. exf5 {[%emt 0:00:04] Black did not feel at home in the position after the opening.  Weighted Error Value: White=0.16 (very precise) /Black=0.84} 1-0